 Dungeon Crawl Stone Soup version 0.27-a0-1273-gec92ba881d (webtiles) character file.

Game seed: 17777459902398184503

22453 Deep1 the Geomancer (level 13, -1/68 HPs)
             Began as a Gargoyle Earth Elementalist on Mar 10, 2021.
             Was an Initiate of Gozag.
             Slain by an orc warrior
             ... wielding a +0 hand axe
              (12 damage)
             ... on level 2 of the Orcish Mines on June 11, 2021.
             The game lasted 06:04:43 (13852 turns).

Deep1 the Geomancer (Gargoyle Earth Elementalist)  Turns: 13852, Time: 06:04:43

Health: -1/68      AC: 17    Str: 14    XL:     13   Next: 0%
Magic:  8/37       EV: 12    Int: 25    God:    Gozag
Gold:   2834       SH:  0    Dex: 10    Spells: 6/34 levels left

rFire    . . .     SeeInvis .   h - +5 quarterstaff (chaos)
rCold    . . .     Faith    .   (shield currently unavailable)
rNeg     + + .     Spirit   .   Q - +1 robe of Puuliwn {Int+4}
rPois    ∞         Reflect  .   l - +0 helmet
rElec    +         Harm     .   v - +2 cloak
rCorr    .         Rampage  .   (no gloves)
Will     +....                  s - +0 pair of boots
Stlth    ++++......             u - amulet of magic regeneration
HPRegen  0.21/turn              L - ring of Nic Zomn {*Slow rN+ MP+9 Int+2}
MPRegen  0.50/turn              G - ring of willpower

@: about to teleport
A: sickness immunity, AC +9, negative energy resistance 1, electricity
resistance, torment resistance 1, petrification resistance
a: Renounce Religion, Potion Petition, Call Merchant, Bribe Branch


You were on level 2 of the Orcish Mines.
You worshipped Gozag.
Gozag was most pleased with you.
You visited 4 branches of the dungeon, and saw 18 of its levels.

You collected 3203 gold pieces.
You spent 337 gold pieces at shops.
You paid 32 gold pieces to Gozag.

Inventory:

Hand Weapons
 a - a +0 dagger
 e - a +0 dagger
 f - a +0 dagger
 h - a +5 quarterstaff of chaos (weapon)
 A - a +1 rapier
Missiles
 b - 6 stones
Armour
 c - a +0 robe
 g - a +0 ring mail
 l - a +0 helmet (worn)
 o - a +0 cloak
 s - a +0 pair of boots (worn)
 v - a +2 cloak (worn)
 J - a +0 hat
 Q - the +1 robe of Puuliwn (worn) {Int+4}
   (You bought it in a shop on level 9 of the Dungeon)

   It affects your intelligence (+4).
Jewellery
 q - a ring of protection from fire
 u - an amulet of magic regeneration (around neck)
 w - a ring of willpower
 y - a ring of wizardry
 D - a ring of poison resistance
 F - a ring of protection from cold
 G - a ring of willpower (right hand)
 L - the ring of Nic Zomn (left hand) {*Slow rN+ MP+9 Int+2}
   (You found it on level 7 of the Dungeon)

   [ring of magical power]

   It affects your intelligence (+2).
   It protects you from negative energy.
   It affects your magic capacity (+9).
   It may slow you when you take damage.
Wands
 i - a wand of flame (6)
 j - a wand of removedness (26)
 z - a wand of digging (4)
 P - a wand of paralysis (8) (quivered)
Scrolls
 k - 2 scrolls of noise {unknown}
 n - 3 scrolls of teleportation
 t - 4 scrolls of removedness
 x - 2 scrolls of immolation {unknown}
 B - a scroll of amnesia
 C - a scroll of magic mapping {unknown}
 E - 2 scrolls of fog {unknown}
 O - a scroll of enchant armour {unknown}
 R - a scroll of holy word {unknown}
Potions
 p - 4 potions of mutation
 r - 2 potions of might
 I - a potion of attraction {unknown}
 K - 2 potions of lignification
 M - a potion of resistance {unknown}
 N - a potion of flight


   Skills:
 + Level 2.4 Fighting
 + Level 4.3 Staves
 + Level 5.5 Throwing
 + Level 1.7 Armour
 + Level 2.8 Dodging
 * Level 10.6 Stealth
 + Level 11.2 Spellcasting
 + Level 3.9 Conjurations
 + Level 0.3 Translocations
 + Level 3.7 Transmutations
 + Level 13.3 Earth Magic
 + Level 1.1 Evocations


You had 6 spell levels left.
You knew the following spells:

 Your Spells              Type           Power      Damage    Failure   Level
a - Sandblast             Erth           100%       2d20      1%          1
b - Lee's Rapid Deconstr  Erth           34%        3d18*     1%          5
c - Petrify               Tmut/Erth      54%        N/A       1%          4
d - Passwall              Tmut/Erth      45%        N/A       1%          2
e - Stone Arrow           Conj/Erth      100%       3d13      1%          3
f - Gell's Gravitas       Tloc           7%         N/A       11%         3
g - Alistair's Intoxicat  Tmut/Pois      15%        N/A       50%         5
h - Yara's Violent Unrav  Hex/Tmut       11%        3d6       50%         5

Your spell library contained the following spells:

 Spells                   Type           Power      Damage    Failure   Level
 Ignite Poison            Fire/Tmut/Pois 20%        N/A       8%          3
 Confusing Touch          Hex            14%        N/A       13%         3
 Irradiate                Conj/Tmut      16%        3d18      26%         5
 Metabolic Englaciation   Hex/Ice        7%         N/A       77%         5
 Eringya's Noxious Bog    Tmut/Pois      11%        N/A       97%         6
 Sublimation of Blood     Necr           Unusable   N/A       N/A         2

Dungeon Overview and Level Annotations

Branches:
Dungeon (14/15)            Temple (1/1) D:7            Lair (0/6) D:10
    Orc (2/2) D:10            Elf (1/3) Orc:2        Vaults (0/5) D:13

Altars:
Ashenzari
Cheibriados
Dithmenos
Elyvilon
Fedhas
Gozag
Hepliaklqana
Kikubaaqudgha
Makhleb
Nemelex Xobeh
Okawaru
Qazlal
Ru
Sif Muna
Trog
Uskayaw
Vehumet
Wu Jian
Xom
Yredelemnul
Zin
The Shining One
Beogh

Shops:
D:9 [

Annotations:
D:11 1 runed translucent door, bmj180's ghost, journeyman GrIE
D:12 1 runed translucent door


Innate Abilities, Weirdness & Mutations

You are immune to sickness and miasma.
Your stone body is resilient. (AC +9)
You are immune to poison.
You resist negative energy. (rN+)
You are resistant to electric shocks. (rElec)
You are resistant to unholy torment.
You are immune to petrification.


Message History

You fade into invisibility!
The orc warrior hits you from afar with a +0 trident.
* * * LOW HITPOINT WARNING * * *
You are very lightly contaminated with residual magic.
The troll barely misses you. The troll claws you but does no damage.
The troll closely misses you.
The orc warrior is distracted by your dazzling golden aura.
Casting: Petrify (dangerous; 1% risk of failure)
Confirm with . or Enter, or press ? or * to list all spells.
Aiming: Petrify (dangerous; 1% risk of failure)
Press: ? - help, Shift-Dir - straight line, f/p - troll
Aim: a troll (wandering, hasn't noticed you, chance to affect: 74%)
The troll is moving more slowly.
The orc warrior shouts!
The orc warrior is no longer distracted by gold.
The orc warrior shouts!
You flicker for a moment.
A warg comes into view.
The warg moves out of view.
The warg howls!
You hear a shout!
The troll stops moving altogether!
The orc warrior hits you but does no damage.
You flicker back into view.
An orc warrior comes into view. It is wielding a +0 glaive.
Okay, then.
Casting: Petrify (dangerous; 1% risk of failure)
Confirm with . or Enter, or press ? or * to list all spells.
Okay, then.
Aiming: Throw Flame
Press: ? - help, Shift-Dir - straight line, f - orc
Aim: an orc, wielding a +0 long sword and wearing a +0 chain mail (77% to hit)
The puff of flame hits the orc warrior.
The orc warrior is moderately wounded.
The warg howls!
As you read the scroll of teleportation, it crumbles to dust.
You feel strangely unstable.
Your magical contamination has completely faded away.
The orc warrior hits you with a +0 hand axe!
You die...
Your body crumbles into a pile of gold.

#....#........<.........
##..................#...
##.....................
##.#..............<...
##...............#.#.
##.......#....$...### #####
####...#...#.....$.... #
#.#.## ##.#....##.###....#...#
.....####.....oo@### ...#....
#.#.....##....ooh#####.####...
##...............#..... ....
#...T...........#......
##......$......o#....#
#.................h.#
##.#................#
####..............o#
##..#............#


You could see a warg, 3 orc warriors and 2 orcs.

Vanquished Creatures
  A hydra (D:9)
  The ghost of zikan the Carver, a journeyman HuBe of Trog (D:9)
  A great orb of eyes (D:9)
  3 centaur warriors
  2 two-headed ogres
  An unseen horror (D:9)
  An obsidian statue (D:9)
  A deep elf zephyrmancer (D:9)
  A deep elf pyromancer (D:13)
  An ugly thing (D:11)
  2 orc knights
  A cyclops (D:12)
  2 komodo dragons
  2 kobold demonologists
  4 trolls
  A hornet (D:11)
  2 slime creatures
  Grinder (D:3)
  A wyvern (D:9)
  12 yaks
  3 humans (D:13)
  2 wargs (Orc:2)
  5 water moccasins
  4 ice beasts
  14 orc warriors
  6 ogres
  3 sky beasts
  2 black bears
  4 centaurs
  A necrophage (D:8)
  3 phantoms
  Blork the orc (D:5)
  13 bullfrogs
  2 wyvern skeletons (D:9)
  5 scorpions
  6 killer bees (D:9)
  21 wights
  A bullfrog zombie (D:7)
  8 hounds
  7 orc priests
  Crazy Yiuf (D:4)
  2 centaur zombies
  A jelly (D:13)
  4 centaur skeletons
  3 iguanas
  15 orc wizards
  13 removed worker ants
  A hound skeleton (D:7)
  A removed worker ant zombie (D:5)
  5 gnolls
  10 adders
  4 shadow imps
  4 white imps
  An ufetubus (D:6)
  An endoplasm (D:1)
  3 adder zombies
  An adder skeleton (D:6)
  A worm (D:4)
  2 dart slugs (D:1)
  69 orcs
  6 removed leopard geckos
  6 giant cockroaches
  12 goblins
  11 hobgoblins
  7 jackals
  4 kobolds
  4 quokkas
  3 ball pythons
  9 bats
  5 frilled lizards
  A giant cockroach zombie (D:5)
  A jackal skeleton (D:2)
  2 quokka skeletons
  11 rats
  A removed leopard gecko skeleton (D:5)
377 creatures vanquished.

Vanquished Creatures (others)
  An orc knight (Orc:2)
  A human (D:13)
  A warg (Orc:2)
  2 orc warriors (Orc:2)
  2 orcs (Orc:2)
  18 fungi
  23 plants
48 creatures vanquished.

Grand Total: 425 creatures vanquished

Notes
Turn   | Place    | Note
-------+----------+-------------------------------------------
     0 | D:1      | Deep1 the Gargoyle Earth Elementalist began the quest for
                  | the Orb.
     0 | D:1      | Reached XP level 1. HP: 10/10 MP: 3/3
    72 | D:1      | Reached XP level 2. HP: 15/15 MP: 3/5
   230 | D:1      | Reached skill level 4 in Earth Magic
   234 | D:1      | Reached XP level 3. HP: 19/19 MP: 2/6
   484 | D:1      | Reached skill level 1 in Throwing
  1146 | D:2      | Reached XP level 4. HP: 24/24 MP: 4/7
  1905 | D:2      | Found a glowing golden altar of the Shining One.
  1906 | D:2      | Found an ornate altar of the Wu Jian Council.
  1908 | D:2      | Found an opulent altar of Gozag.
  1921 | D:2      | Found a glowing silver altar of Zin.
  2200 | D:2      | Found a sparkling altar of Nemelex Xobeh.
  2265 | D:2      | Became a worshipper of Gozag Ym Sagoz the Greedy
  2606 | D:3      | Noticed Grinder
  2628 | D:3      | Killed Grinder
  2629 | D:3      | Reached skill level 1 in Armour
  2629 | D:3      | Reached skill level 5 in Earth Magic
  2629 | D:3      | Reached XP level 5. HP: 19/28 MP: 2/10
  2629 | D:3      | Reached XP level 6. HP: 22/32 MP: 2/11
  2874 | D:3      | Upgraded the game from 0.27-a0-590-g94244163b4 to
                  | 0.27-a0-604-g29a88b33a7
  3928 | D:5      | Entered Level 5 of the Dungeon
  3936 | D:6      | Noticed an orc warrior
  4106 | D:4      | Reached XP level 7. HP: 31/36 MP: 12/12
  4112 | D:4      | Learned a level 5 spell: Lee's Rapid Deconstruction
  4117 | D:4      | Learned a level 4 spell: Petrify
  4120 | D:4      | Learned a level 2 spell: Passwall
  4133 | D:4      | Reached skill level 6 in Earth Magic
  4402 | D:4      | Found a runed translucent door.
  4403 | D:4      | Noticed Crazy Yiuf
  4414 | D:4      | Killed Crazy Yiuf
  4752 | D:5      | Reached skill level 1 in Transmutations
  4880 | D:5      | Reached skill level 1 in Staves
  5065 | D:6      | Reached XP level 8. HP: 41/41 MP: 14/14
  5139 | D:6      | Reached skill level 7 in Earth Magic
  5155 | D:6      | Found a stormy altar of Qazlal.
  5155 | D:6      | Found a sacrificial altar of Ru.
  5613 | D:5      | Found an iron altar of Okawaru.
  5613 | D:5      | Noticed Blork the orc
  5626 | D:5      | Killed Blork the orc
  5853 | D:6      | Reached skill level 5 in Spellcasting
  6122 | D:6      | Reached skill level 1 in Fighting
  6185 | D:6      | Found a broken altar of Ashenzari.
  6223 | D:7      | Found a hazy altar of Hepliaklqana.
  6263 | D:8      | Reached skill level 8 in Earth Magic
  6384 | D:6      | Found a radiant altar of Vehumet.
  6508 | D:7      | Reached XP level 9. HP: 33/47 MP: 11/17
  6675 | D:7      | Reached skill level 9 in Earth Magic
  7152 | D:7      | Identified the ring of Nic Zomn {*Slow rN+ MP+9 Int+2}
  7186 | D:7      | Found a staircase to the Ecumenical Temple.
  7197 | Temple   | Entered the Ecumenical Temple
  7976 | D:7      | Learned a level 3 spell: Stone Arrow
  8297 | D:8      | Reached XP level 10. HP: 52/52 MP: 20/20
  8741 | D:9      | Found Jovviu's Armour Boutique.
  8751 | D:9      | Bought the +1 robe of Puuliwn {Int+4} for 337 gold pieces
  8800 | D:9      | Reached skill level 5 in Stealth
  8870 | D:9      | Noticed a four-headed hydra
  8885 | D:9      | Killed a four-headed hydra
  8886 | D:9      | Reached skill level 1 in Conjurations
  8886 | D:9      | Reached skill level 10 in Earth Magic
  9072 | D:9      | Found a hide-covered altar of Uskayaw.
  9162 | D:9      | Found a large runed translucent door.
  9162 | D:9      | Found a large runed translucent door.
  9162 | D:9      | Noticed a kobold demonologist
  9185 | D:9      | Killed a kobold demonologist
  9194 | D:9      | Killed an unseen horror
  9208 | D:9      | Noticed a deep elf zephyrmancer
  9219 | D:9      | Killed a deep elf zephyrmancer
  9222 | D:9      | Noticed a great orb of eyes
  9234 | D:9      | Reached skill level 11 in Earth Magic
  9234 | D:9      | Reached XP level 11. HP: 38/56 MP: 4/23
  9239 | D:9      | Found a runed translucent gate.
  9239 | D:9      | Found a runed translucent gate.
  9239 | D:9      | Found an opulent altar of Gozag.
  9239 | D:9      | Found a runed translucent gate.
  9239 | D:9      | Noticed an obsidian statue
  9239 | D:9      | Noticed a two-headed ogre
  9240 | D:9      | Noticed zikan's ghost (journeyman HuBe)
  9249 | D:9      | Killed a great orb of eyes
  9298 | D:9      | Found a burning altar of Makhleb.
  9312 | D:9      | Found a hazy altar of Hepliaklqana.
  9420 | D:10     | Entered Level 10 of the Dungeon
  9958 | D:9      | Killed zikan's ghost
  9983 | D:9      | Killed a two-headed ogre
 10013 | D:9      | Killed an obsidian statue
 10130 | D:10     | Upgraded the game from 0.27-a0-604-g29a88b33a7 to
                  | 0.27-a0-631-g2d681adce0
 10185 | D:10     | Reached skill level 12 in Earth Magic
 10374 | D:10     | Found a staircase to the Orcish Mines.
 10414 | D:10     | Noticed a centaur warrior
 10415 | D:10     | Found a staircase to the Lair.
 10446 | D:10     | Killed a centaur warrior
 10447 | D:10     | Reached skill level 10 in Spellcasting
 10450 | D:10     | Reached skill level 5 in Throwing
 10631 | D:10     | Upgraded the game from 0.27-a0-631-g2d681adce0 to
                  | 0.27-a0-637-g3a9f0a9c12
 10814 | D:11     | Learned a level 3 spell: Gell's Gravitas
 10857 | D:11     | Reached XP level 12. HP: 52/61 MP: 11/26
 10858 | D:11     | Noticed a two-headed ogre
 10865 | D:11     | Killed a two-headed ogre
 11313 | D:11     | Found a runed translucent door.
 11315 | D:11     | Noticed bmj180's ghost (journeyman GrIE)
 11320 | D:11     | Identified the +9 trident "Worm's Wrath" {vorpal, +Fly
                  | rElec rN++ Will-}
 12453 | D:12     | Found a runed translucent door.
 12453 | D:12     | Noticed a centaur warrior
 12455 | D:12     | Noticed a vampire knight
 12458 | D:12     | Killed a centaur warrior
 12783 | D:13     | Noticed a centaur warrior
 12791 | D:13     | Killed a centaur warrior
 12935 | D:13     | Reached skill level 10 in Stealth
 12939 | D:13     | HP: 3/62 [slime creature (3)]
 12972 | D:13     | Noticed a vault guard
 12995 | D:13     | Noticed a vault guard
 13002 | D:13     | Noticed a two-headed ogre
 13032 | D:13     | Noticed a tengu warrior
 13045 | D:13     | Found a gate to the Vaults.
 13045 | D:13     | Noticed a vault guard
 13078 | D:13     | Noticed a tengu warrior
 13150 | D:12     | Reached skill level 13 in Earth Magic
 13445 | D:10     | Learned a level 5 spell: Alistair's Intoxication
 13451 | D:10     | Learned a level 5 spell: Yara's Violent Unravelling
 13453 | Orc:1    | Entered Level 1 of the Orcish Mines
 13469 | Orc:1    | Found a bloodstained altar of Trog.
 13545 | Orc:1    | Reached skill level 1 in Evocations
 13545 | Orc:1    | Upgraded the game from 0.27-a0-637-g3a9f0a9c12 to
                  | 0.27-a0-869-g165b36e3f0
 13569 | Orc:2    | Entered Level 2 of the Orcish Mines
 13569 | Orc:2    | Found a staircase to the Elven Halls.
 13577 | Elf:1    | Entered Level 1 of the Elven Halls
 13589 | Orc:1    | Noticed a two-headed ogre
 13614 | Orc:2    | Upgraded the game from 0.27-a0-869-g165b36e3f0 to
                  | 0.27-a0-1273-gec92ba881d
 13828 | Orc:2    | Reached XP level 13. HP: 28/68 MP: 4/28
 13852 | Orc:2    | Slain by an orc warrior

Illustrated notes

Levels and vault maps discovered:
D:1:      dpeg_arrival_rhombus, layout_loops_ring, minmay_indecisive_spiral
D:2:      layout_loops_corners, marbit_many_paths,
          nicolae_overflow_quartered_altars
D:3:      layout_basic, serial_co_window_serial, co_window_of_opportunity_a,
          co_window_paths_a, co_window_paths_a, co_window_paths_b,
          co_window_corner_a, co_window_corner_b, co_window_corner_b,
          co_window_corner_ca, co_window_broadway_b, co_window_2corner,
          co_window_paths_c, co_window_cross_2, co_window_paths_e,
          glass_columns_b, glass_columns_a, glass_columns_b, uniq_grinder
D:4:      layout_gridville, uniq_crazy_yiuf_cottage
D:5:      layout_rooms, kennysheep_little_box, uniq_blork_the_orc
D:6:      layout_basic, chequers_temple_overflow_statue_of_worship,
          nicolae_overflow_hidden_temple, lemuel_crystal_altar
D:7:      minmay_slanted_spiral_squares, layout_loops_ring,
          overflow_temple_1_default, minmay_temple_entry_fiery
D:8:      layout_basic, chequers_serial_rivers_room_a, grunt_ministairs_5,
          mrwooster_statue_mirror, amcnicky_mini_corridor_feature
D:9:      layout_long_grid, lemuel_doored_altar, ebering_ghost_gozag,
          serial_shops, shop_statue, jmf_multi_god_temple2
D:10:     layout_irregular_city, due_lair_maze_entry_diamond, orc_0_dummy
D:11:     layout_grid_maze, ebering_ghost_funeral_grove
D:12:     layout_cave_pods, minivault_13
D:13:     minmay_open_boxes_in_corner, layout_loops_corners,
          ximxim_vaults_locker_room, enter_trove_0, nicolae_water_bricks
D:14:     layout_irregular_city, uniq_snorg
Temple:   compressed_dpeg_triangle_lava_temple
Orc:1:    layout_diamond_mine, serial_shops, shop, basic_altar
Orc:2:    st_orc_town, layout_caves, basic_altar, uniq_azrael
Elf:1:    minmay_elf_arrival_plus, layout_geoelf_diagonals, serial_shops, shop,
          hangedman_elf_disciples, st_stairs_10, amethyst_killhole

Skill      XL: |  1  2  3  4  5  6  7  8  9 10 11 12 |
---------------+-------------------------------------+-----
Earth Magic    | 4 5 6 8 9 11 12 13 | 13.3
Throwing       | 1 2 3 4 5 |  5.5
Armour         | 1 |  1.7
Spellcasting   | 3 4 5 7 8 10 11 | 11.2
Stealth        | 3 4 6 8 10 | 10.6
Transmutations | 1 2 3 |  3.7
Staves         | 1 2 3 4 |  4.3
Dodging        | 2 |  2.8
Fighting       | 1 2 |  2.4
Conjurations   | 3 |  3.9
Evocations     | 1 |  1.1
Translocations | |  0.3

Action                   |  1- 3 |  4- 6 |  7- 9 | 10-12 | 13-15 || total
-------------------------+-------+-------+-------+-------+-------++-------
Melee: Unarmed           |     1 |       |       |       |       ||     1
       Dagger            |    23 |     7 |       |       |       ||    30
       Rapier            |       |    12 |       |       |       ||    12
       Quarterstaff      |       |       |    63 |    86 |       ||   149
Throw: Dart              |    56 |     6 |     9 |     2 |       ||    73
       Boomerang         |    21 |    67 |   114 |    85 |       ||   287
       Stone             |     1 |       |     2 |     1 |       ||     4
       Throwing net      |       |     2 |       |       |       ||     2
 Cast: Sandblast         |    35 |    45 |   118 |   153 |       ||   351
       Petrify           |       |       |    26 |    65 |     2 ||    93
       Lee's Rapid Decon |       |       |    14 |    57 |       ||    71
       Passwall          |       |       |     6 |       |       ||     6
       Stone Arrow       |       |       |    10 |   115 |       ||   125
       Gell's Gravitas   |       |       |       |     5 |       ||     5
Evoke: Wand              |       |       |       |    25 |     1 ||    26
  Use: Scroll            |       |       |    14 |    12 |     1 ||    27
       Potion            |       |       |     7 |    12 |     1 ||    20
 Stab: Petrified         |       |       |    11 |    25 |       ||    36
       Sleeping          |       |       |       |     1 |       ||     1
Armor: Robe              |     1 |       |    44 |    76 |     3 ||   124
       Ring mail         |    13 |    17 |     3 |       |       ||    33
Dodge: Dodged            |    23 |    23 |    73 |    62 |     3 ||   184

Table legend: (Time is in decaauts)
 A = Elapsed time spent in this place.
 B = Non-inter-level travel time spent in this place.
 C = Inter-level travel time spent in this place.
 D = Time resting spent in this place.
 E = Time spent auto-exploring this place.
 F = Levels seen in this place.
 G = Mean time per level.
                   A        B        C        D        E       F      G
               +--------+--------+--------+--------+--------+-----+--------+
         Total |  13872 |   3339 |  10533 |      0 |      0 |  18 |  770.7 |
       Dungeon |  13368 |   3102 |  10266 |      0 |      0 |  14 |  954.9 |
        Temple |    102 |      1 |    101 |      0 |      0 |   1 |  102.0 |
  Orcish Mines |    399 |    233 |    166 |      0 |      0 |   2 |  199.5 |
   Elven Halls |      1 |      1 |      0 |      0 |      0 |   1 |    1.0 |
               +--------+--------+--------+--------+--------+-----+--------+

Top non-repeatable levels by time:
     D:3: 1472 daAuts
     D:9: 1359 daAuts
     D:2: 1326 daAuts
     D:8: 1295 daAuts
    D:11: 1128 daAuts
     D:7: 1078 daAuts
    D:12: 965 daAuts
     D:1: 964 daAuts
     D:4: 902 daAuts
    D:10: 848 daAuts
     D:6: 842 daAuts
     D:5: 782 daAuts
    D:13: 398 daAuts
   Orc:2: 268 daAuts
   Orc:1: 131 daAuts
